[Event "Polish Youth 1st League 2022"]
[Site "Lublin"]
[Date "2022.06.28"]
[Round "4.16"]
[White "Niesporek, Franciszek"]
[Black "Brzezina, Piotr"]
[Result "1/2-1/2"]
[ECO "C50"]
[WhiteElo "1332"]
[BlackElo "1633"]
[Annotator "NA RC"]
[PlyCount "89"]
[EventDate "2022.06.24"]
[EventType "team-tourn"]
[EventCountry "POL"]
[SourceTitle "playchess.com"]
[Source "ChessBase"]
[SourceQuality "1"]
[TimeControl "40/5400+30:1800+30"]

1. e4 e5 2. Nf3 Nc6 3. Bc4 Bc5 4. O-O Nf6 5. d3 h6 6. c3 d6 7. Nbd2 a5 8. a4 O-O 9. h3 Ba7 10. Re1 Ne7 11. Nf1 Ng6 12. Ng3 c6 13. Ba2 Re8 14. d4 Qc7 15. Qc2 Bd7 16. Be3 c5 17. dxe5 dxe5 18. Bc4 Be6 19. Bxe6 fxe6 20. c4 Ne7 21. Qc3 Nc6 22. Rad1 Rad8 23. b3 Nd7 24. Nh2 Nf6 25. Ng4 Nxg4 26. hxg4 Rxd1 27. Rxd1 Rd8 28. Qc2 b6 29. Rd3 Bb8 30. Qd2 Rxd3 31. Qxd3 Qe7 32. Qd1 Nd4 33. Ne2 Bc7 34. g3 Nxe2+ 35. Qxe2 g5 36. Qd1 Kf8 37. Kg2 Qd6 38. Qxd6+ Bxd6 39. Bd2 Kf7 40. Bc3 Bc7 41. Kf3 Kf6 42. Ke3 Kg6 43. Kf3 Kf6 44. Ke3 Kg6 45. Kf3 1/2-1/2

[Event "Polish Youth 1st League 2022"]
[Site "Lublin"]
[Date "2022.06.28"]
[Round "4.17"]
[White "Hertlein, Irena"]
[Black "Bugaj, Hanna"]
[Result "1-0"]
[ECO "B33"]
[WhiteElo "1873"]
[BlackElo "1779"]
[Annotator "NA RC"]
[PlyCount "65"]
[EventDate "2022.06.24"]
[EventType "team-tourn"]
[EventCountry "POL"]
[SourceTitle "playchess.com"]
[Source "ChessBase"]
[SourceQuality "1"]
[TimeControl "40/5400+30:1800+30"]

1. e4 c5 2. Nf3 Nc6 3. d4 cxd4 4. Nxd4 Nf6 5. Nc3 e5 6. Ndb5 d6 7. Bg5 a6 8. Na3 b5 9. Nd5 Be7 10. Bxf6 Bxf6 11. c4 bxc4 12. Bxc4 O-O 13. O-O Rb8 14. Rb1 Kh8 15. b4 Nd4 16. Nc2 Nxc2 17. Qxc2 Bg5 18. Qd3 f5 $14 19. f3 Be6 20. a3 Bh6 21. Kh1 f4 22. Bxa6 g5 23. Rbc1 g4 24. Nc7 Rf6 25. Nxe6 Rxe6 26. Rc6 gxf3 27. Qxf3 Bf8 28. Rfc1 Qf6 29. Bc8 Re8 30. Qh5 Re7 31. Bf5 Rg7 32. Rc8 Rg5 33. Qxh7# 1-0

[Event "Polish Youth 1st League 2022"]
[Site "Lublin"]
[Date "2022.06.28"]
[Round "4.18"]
[White "Sprzeczka, Emilia"]
[Black "Duda, Aleksandra"]
[Result "1/2-1/2"]
[ECO "B38"]
[WhiteElo "1692"]
[BlackElo "1453"]
[Annotator "NA RC"]
[PlyCount "116"]
[EventDate "2022.06.24"]
[EventType "team-tourn"]
[EventCountry "POL"]
[SourceTitle "playchess.com"]
[Source "ChessBase"]
[SourceQuality "1"]
[TimeControl "40/5400+30:1800+30"]

1. e4 c5 2. Nf3 Nc6 3. d4 cxd4 4. Nxd4 g6 5. c4 Bg7 6. Be3 Nf6 7. Nc3 O-O 8. Be2 d6 9. O-O Bd7 10. Nc2 a6 11. f3 Rc8 12. Qd2 Qc7 13. Rac1 Ne5 14. b3 b5 15. Nd5 Nxd5 16. cxd5 Qc3 17. Qxc3 Rxc3 18. Bd4 Rc7 19. f4 Ng4 20. Bxg7 Kxg7 21. Nb4 Rfc8 22. Rxc7 Rxc7 23. Bxg4 Bxg4 24. Nc6 e6 25. Re1 exd5 26. exd5 Kf6 27. Kf2 Bc8 28. Ke3 Bb7 29. Kd4 Rc8 30. Re2 Bxc6 31. dxc6 Rxc6 32. Kd5 Rc1 33. Kxd6 h5 34. g3 Rc3 35. Kd5 Rc1 36. Kd4 Rc6 37. h3 Rc1 38. g4 hxg4 39. hxg4 Rc8 40. Re5 Rc6 41. a4 bxa4 42. bxa4 Kg7 43. Kd5 Rb6 44. Kc5 Rf6 45. Re4 Kf8 46. Kb4 Rc6 47. Ka5 Rd6 48. Rb4 Kg7 49. g5 Re6 50. Rb6 Re4 51. Rxa6 Rxf4 52. Rb6 f6 53. Rb7+ Kf8 54. gxf6 Rxf6 55. Rb6 Ke7 56. Rb7+ Ke6 57. Kb6 Kf5+ 58. Ka7 g5 1/2-1/2

[Event "Polish Youth 1st League 2022"]
[Site "Lublin"]
[Date "2022.06.28"]
[Round "4.19"]
[White "Suder, Jakub"]
[Black "Szlosarczyk, Hubert"]
[Result "1-0"]
[ECO "C10"]
[WhiteElo "2306"]
[BlackElo "1650"]
[Annotator "TA"]
[PlyCount "151"]
[EventDate "2022.06.24"]
[EventType "team-tourn"]
[EventCountry "POL"]
[SourceTitle "playchess.com"]
[Source "ChessBase"]
[SourceQuality "1"]
[TimeControl "40/5400+30:1800+30"]

1. e4 e6 2. d4 d5 3. Nd2 dxe4 4. Nxe4 Nd7 5. Nf3 Ngf6 6. Nxf6+ Nxf6 7. Bd3 Be7 8. O-O O-O 9. c3 b6 10. Qe2 Bb7 11. Bf4 c5 {[%emt 0:02:04] C10: French with 3 Nc3: Unusual Black 3rd moves and 3...dxe4.} 12. dxc5 Bxc5 13. Rad1 Qc8 {[%emt 0:01:45] White has an edge.} 14. Ne5 Rd8 {[%emt 0:05:26] [#]} 15. Rfe1 $146 ({Predecessor:} 15. Bg3 Rd5 16. Rfe1 Qe8 17. Bc4 Rxd1 18. Rxd1 a6 19. Bb3 b5 20. Bh4 Nd5 21. Bc2 {1-0 (66) Spasov,V (2595)-Jacimovic,D (2490) Skopje 1998}) 15... a5 16. a3 Be7 17. Qe3 Nd5 {[%emt 0:08:45] [#]} (17... Qc5 $14) 18. Qh3 $1 $16 {[%emt 0:00:31] White is more active.} f5 {[%emt 0:03:12] [#]} 19. Bd2 (19. Qh5 $1 $16) 19... Bf6 $14 20. Nf3 (20. Qg3 $16) 20... Re8 (20... Nb4 $1 $11 21. Ng5 h6 22. cxb4 hxg5) 21. Qg3 Qc7 22. Bc2 Qxg3 23. hxg3 Rad8 (23... b5 $14) 24. Bc1 (24. Ba4 $18) 24... Bc6 (24... Nc7 $14) 25. Nd4 Bxd4 26. Rxd4 e5 (26... Kf7 $14) 27. Rdd1 (27. Rd2 $142 $1) 27... e4 $16 28. Rd4 Rd7 29. Red1 Red8 30. g4 fxg4 31. Bxe4 {[%emt 0:02:22] Threatens to win with Bg5.} Ne7 {[%emt 0:01:58] Hoping for ...Rxd4.} 32. Rxd7 Rxd7 33. Rxd7 Bxd7 $14 {[%emt 0:00:01][%mdl 4096] Endgame KBB-KBN} 34. Kh2 Nf5 35. c4 Be6 (35... g6 $14) 36. Bf4 $16 Nd4 (36... a4 $16 {was worth a try.} 37. Bc7 g6) 37. Be3 Nb3 38. Bxb6 {[%emt 0:01:38] A strong pair of Bishops.} Bxc4 39. Kg3 Be6 40. Bc2 (40. a4 $18) 40... Kf7 (40... a4 $142 41. Bd3 Bd7) 41. Kf4 ({Don't blunder} 41. Bxh7 $2 g6 42. Kf4 Kg7 $19) ({Better is} 41. a4) 41... g6 (41... h6 $16) 42. Ke5 (42. Kg5 $18) 42... a4 43. Be3 $1 Ke7 44. Bd3 Na5 45. Bg5+ Kf7 46. Kd4 Nb3+ 47. Kc3 Nc5 48. Bc2 Bf5 49. Bxf5 gxf5 $14 {[%emt 0:00:01] KB-KN} 50. Kb4 Nd3+ 51. Kxa4 {[%emt 0:00:15] And now b4 would win.} Nxb2+ 52. Kb5 {[%emt 0:02:29] Strongly threatening a4.} Ke6 $1 53. a4 Kd7 54. a5 Kc7 55. Be3 $1 h5 56. g3 Nd3 (56... Kb8 $142 57. Kc5 Kb7) 57. Kc4 (57. a6 $1 $16) 57... Ne1 $1 $11 58. Kd5 Nf3 (58... Ng2 $1 $11 59. Bg5 f4) 59. Ke6 (59. a6 $1 $14) 59... h4 $1 {[%emt 0:01:06] White must now prevent ...h3.} 60. gxh4 ({Don't go for} 60. Kxf5 $2 h3 61. Kxg4 Ng1 $19) 60... Nxh4 61. Bf4+ Kc6 62. Bg3 Ng2 63. Kxf5 Ne1 64. Kxg4 {[%emt 0:00:41] aiming for Kf5.} Nd3 65. f3 (65. a6 {is more complex.} Kb6 66. a7 Nxf2+ 67. Kf3) 65... Kb5 66. Kf5 {[%emt 0:01:31] Ke4 is the strong threat.} Kxa5 67. Ke4 Nc5+ 68. Kd5 Nd7 $2 {[%emt 0:01:39][%mdl 8192] [#]} (68... Nd3 $11) 69. Kd6 $1 Nb6 70. f4 $2 (70. Bf2 $18 {is the precise move to win.} Nc4+ 71. Kd5) 70... Nc4+ $16 71. Ke6 {[%emt 0:00:55] f5 would kill now.} Ne3 72. Bf2 Ng4 73. Bd4 Kb5 74. Kf5 ({White should try} 74. f5 $16) 74... Nh6+ $2 {[%emt 0:01:29][%mdl 8192] [#]} (74... Nh2 $14 75. Ke6 Kc4) 75. Kg6 $1 Ng8 76. Bf6 {[%emt 0:00:26] Weighted Error Value: White=0.25 (precise) /Black=0.21 (precise)} 1-0

[Event "Polish Youth 1st League 2022"]
[Site "Lublin"]
[Date "2022.06.28"]
[Round "4.20"]
[White "Kozlowski, Franciszek"]
[Black "Dziewonski, Dariusz"]
[Result "1/2-1/2"]
[ECO "E06"]
[WhiteElo "1607"]
[BlackElo "1976"]
[Annotator "NA RC"]
[PlyCount "104"]
[EventDate "2022.06.24"]
[EventType "team-tourn"]
[EventCountry "POL"]
[SourceTitle "playchess.com"]
[Source "ChessBase"]
[SourceQuality "1"]
[TimeControl "40/5400+30:1800+30"]

1. d4 d5 2. c4 e6 3. Nf3 Nf6 4. g3 Be7 5. Bg2 O-O 6. O-O dxc4 7. Qc2 a6 8. a4 Bd7 9. Ne5 Bc6 10. Nxc6 Nxc6 11. e3 Na5 12. Nd2 c6 13. Nxc4 Nxc4 14. Qxc4 a5 15. Bd2 Qb6 16. b3 Rfd8 17. Bc3 Rac8 18. Rac1 Ba3 19. Ra1 Be7 20. Rac1 h6 21. Rfd1 Ba3 $5 22. Ra1 Be7 23. Rac1 Nd5 24. Bb2 Kh7 25. h4 h5 (25... Kg8 $14) 26. Kh1 g6 27. Kg1 Kg8 (27... Bf6 $11) 28. Kh1 Bf6 29. Ba3 Be7 30. Bb2 Qb4 31. Bxd5 exd5 32. Qxb4 axb4 33. Rc2 $11 Kf8 34. Ra1 Ra8 35. Re1 f5 36. f3 Bd6 37. Kg2 Rdc8 38. e4 fxe4 39. fxe4 dxe4 40. Rxe4 Re8 41. Rf2+ Kg8 42. Rfe2 Rxe4 43. Rxe4 Kf7 44. Kf3 Re8 45. Rxe8 Kxe8 46. Bc1 Kf7 47. Bf4 Be7 48. Ke4 Ke6 49. Be3 Bd6 50. Bf2 Bc7 51. Be1 Bd6 52. Bf2 Bc7 1/2-1/2

[Event "Polish Youth 1st League 2022"]
[Site "Lublin"]
[Date "2022.06.28"]
[Round "4.21"]
[White "Maj, Samuel"]
[Black "Duda, Szymon"]
[Result "1-0"]
[ECO "A41"]
[WhiteElo "1906"]
[BlackElo "1707"]
[Annotator "RC"]
[PlyCount "118"]
[EventDate "2022.06.24"]
[EventType "team-tourn"]
[EventCountry "POL"]
[SourceTitle "playchess.com"]
[Source "ChessBase"]
[SourceQuality "1"]
[TimeControl "40/5400+30:1800+30"]

1. d4 d6 2. c4 e5 3. d5 f5 4. e4 Nf6 5. exf5 Bxf5 6. Nc3 Be7 7. Nge2 O-O 8. Ng3 Bd7 9. f3 a5 10. Be3 Na6 11. Bd3 Qe8 12. O-O b6 13. Bc2 Nc5 14. b3 Nh5 15. Qb1 Nf6 16. a3 Kh8 17. b4 Nb7 18. Qd1 Qf7 19. Qd3 Qg8 20. Rae1 Rae8 21. Re2 Rf7 22. h3 Ref8 23. Rfe1 g5 24. Qd2 Rg7 25. Nf5 Bxf5 26. Bxf5 h6 27. g4 Ra8 28. h4 Nh7 29. Ne4 Nf6 30. hxg5 Nxe4 31. Bxe4 Bxg5 32. Rh2 Qd8 33. Bxg5 Qxg5 34. Rxh6+ Kg8 35. Qh2 Rf8 36. Rh5 Qd8 37. Rh8+ Kf7 38. Qh5+ Ke7 39. Qh6 Rfg8 40. Qe6+ Kf8 41. Rh5 Qe7 42. Qc8+ Nd8 43. Re2 Qd7 44. Qxd7 Rxd7 45. bxa5 bxa5 46. Rb2 Nf7 47. Bf5 Re7 48. Be6 Rg6 49. Rh7 Rf6 50. Rb8+ Re8 51. Rxf7+ Rxf7 52. Rxe8+ Kxe8 53. Bxf7+ Kxf7 54. Kf2 Kf6 55. a4 Kg6 56. Ke3 Kf6 57. f4 exf4+ 58. Kxf4 Kg6 59. g5 Kg7 1-0

[Event "Polish Youth 1st League 2022"]
[Site "Lublin"]
[Date "2022.06.28"]
[Round "4.22"]
[White "Wajda, Krzysztof"]
[Black "Jamrozik, Maciej"]
[Result "1/2-1/2"]
[ECO "D30"]
[WhiteElo "1494"]
[BlackElo "1251"]
[Annotator "NA RC"]
[PlyCount "93"]
[EventDate "2022.06.24"]
[EventType "team-tourn"]
[EventCountry "POL"]
[SourceTitle "playchess.com"]
[Source "ChessBase"]
[SourceQuality "1"]
[TimeControl "40/5400+30:1800+30"]

1. d4 d5 2. c4 e6 3. Nf3 Nf6 4. e3 Be7 5. b3 O-O 6. Bd3 b6 7. O-O Bb7 8. Bb2 Nbd7 9. Nc3 c5 10. Rc1 Rc8 11. Qe2 cxd4 12. exd4 Re8 13. Rfd1 Nb8 14. Ne5 Nc6 15. cxd5 exd5 16. Nxc6 Bxc6 17. Qf3 Bd6 18. Rc2 Ne4 19. Rdc1 Qd7 20. Ba6 Bb7 21. Bxb7 Qxb7 22. Nxe4 Rxc2 23. Rxc2 dxe4 24. Qc3 h6 25. d5 Be5 26. Qc6 Qxc6 27. dxc6 Bxb2 28. Rxb2 Rc8 29. Rc2 Kf8 30. f3 exf3 31. gxf3 Ke7 32. b4 b5 33. a4 a6 34. axb5 axb5 35. Rc5 Kd6 36. Rxb5 Kxc6 37. Rc5+ Kd7 38. Ra5 Rc7 39. Kf2 Rb7 40. Rf5 Ke6 41. Rf4 g5 42. Re4+ Kd5 43. Ke3 f5 44. Rd4+ Ke5 45. Kd3 h5 46. Rc4 Rb5 47. h3 1/2-1/2

[Event "Polish Youth 1st League 2022"]
[Site "Lublin"]
[Date "2022.06.28"]
[Round "4.23"]
[White "Uliasz, Katarzyna"]
[Black "Czarnecka, Lidia"]
[Result "1/2-1/2"]
[ECO "B81"]
[WhiteElo "1526"]
[BlackElo "1940"]
[Annotator "RC"]
[PlyCount "83"]
[EventDate "2022.06.24"]
[EventType "team-tourn"]
[EventCountry "POL"]
[SourceTitle "playchess.com"]
[Source "ChessBase"]
[SourceQuality "1"]
[TimeControl "40/5400+30:1800+30"]

1. e4 c5 2. Nf3 e6 3. d4 cxd4 4. Nxd4 Nf6 5. Nc3 d6 6. g4 h6 7. h4 Nc6 8. Rg1 d5 9. exd5 Nxd5 10. Nxd5 Qxd5 11. Bg2 Qe5+ 12. Be3 Bd7 13. Nxc6 Bxc6 14. Bxc6+ bxc6 15. Qd4 Qxd4 16. Bxd4 c5 17. Bc3 O-O-O 18. Ke2 Rg8 19. Rad1 Be7 20. Rxd8+ Kxd8 21. h5 Kd7 22. f4 f6 23. Kf3 Bd8 24. Rd1+ Kc6 25. Re1 Re8 26. f5 e5 27. Ke4 Bc7 28. Rd1 Bd6 29. Ba5 Rb8 30. Bc3 Rb6 31. a3 Ra6 32. Kf3 Ra4 33. Rg1 Rf4+ 34. Ke2 Ra4 35. Kf3 Bc7 36. Bd2 Kb5 37. Be3 Ba5 38. Rd1 Kc6 39. c3 Bb6 40. Bc1 Ra6 41. c4 Ba5 42. Ke4 1/2-1/2

[Event "Polish Youth 1st League 2022"]
[Site "Lublin"]
[Date "2022.06.28"]
[Round "4.24"]
[White "Slusarczyk, Anna"]
[Black "Tokarz, Gabriela"]
[Result "1/2-1/2"]
[ECO "D04"]
[WhiteElo "1544"]
[BlackElo "1469"]
[Annotator "NA RC"]
[PlyCount "148"]
[EventDate "2022.06.24"]
[EventType "team-tourn"]
[EventCountry "POL"]
[SourceTitle "playchess.com"]
[Source "ChessBase"]
[SourceQuality "1"]
[TimeControl "40/5400+30:1800+30"]

1. d4 d5 2. Nf3 Nf6 3. e3 Bg4 4. Be2 e6 5. O-O Nbd7 6. b3 Bd6 7. Bb2 O-O 8. Nbd2 c6 9. Ne5 Bxe2 10. Qxe2 Re8 11. f4 Nf8 12. Rf3 N6d7 13. Rg3 f6 14. Qg4 Qe7 15. Nd3 Ng6 16. Rh3 f5 17. Qe2 Nf6 18. Ne5 Bxe5 19. fxe5 Ne4 20. Nxe4 fxe4 21. a4 Rac8 22. Ba3 Qg5 23. Rh5 Qd8 24. Bd6 Ne7 25. Qg4 Nf5 26. Rxf5 exf5 27. Qxf5 h6 28. Rf1 Qg5 29. Qf7+ Kh8 30. Rf4 b6 31. b4 a5 32. bxa5 bxa5 33. e6 Kh7 34. h4 Qg6 35. Qxg6+ Kxg6 36. e7 Kh5 37. g3 g5 38. hxg5 Kxg5 39. Rf8 h5 40. Kg2 h4 41. gxh4+ Kxh4 42. Rf4+ Kg5 43. Kg3 Ra8 44. Rf8 Rac8 45. Rf2 Ra8 46. Rf1 Ra6 47. Bc7 Raa8 48. Bd8 Rexd8 49. exd8=Q+ Rxd8 50. Rf7 Rc8 51. Ra7 Kf5 52. Rxa5 Ke6 53. Rc5 Kd6 54. c4 Rf8 55. cxd5 cxd5 56. Kg2 Rb8 57. Rc3 Rb2+ 58. Kg3 Ra2 59. Rb3 Rxa4 60. Rb6+ Kc7 61. Rh6 Ra8 62. Kf4 Rf8+ 63. Ke5 Rf3 64. Kxd5 Rxe3 65. Rh7+ Kc8 66. Rh8+ Kd7 67. Rh7+ Kc8 68. Ke6 Rd3 69. d5 e3 70. Rh4 e2 71. Re4 Rd2 72. d6 Kd8 73. Re3 Ra2 74. Re4 Rd2 1/2-1/2

[Event "Polish Youth 1st League 2022"]
[Site "Lublin"]
[Date "2022.06.28"]
[Round "4.25"]
[White "Kania, Dominik"]
[Black "Jedraszek, Pawel"]
[Result "1/2-1/2"]
[ECO "B22"]
[WhiteElo "1872"]
[BlackElo "1933"]
[Annotator "NA RC"]
[PlyCount "103"]
[EventDate "2022.06.24"]
[EventType "team-tourn"]
[EventCountry "POL"]
[SourceTitle "playchess.com"]
[Source "ChessBase"]
[SourceQuality "1"]
[TimeControl "40/5400+30:1800+30"]

1. e4 c5 2. c3 Nf6 3. e5 Nd5 4. d4 cxd4 5. Nf3 e6 6. cxd4 b6 7. Nc3 Nxc3 8. bxc3 Qc7 9. Bd2 Bb7 10. Bd3 d6 11. O-O Nd7 12. exd6 Bxd6 13. h3 h6 14. Qe2 O-O 15. Rfe1 Rfd8 16. c4 Rac8 17. Rac1 Bf4 18. Be3 Nf6 19. Red1 Qd6 20. Qd2 Bxe3 21. Qxe3 Qb4 22. Ne5 Kf8 23. Qf4 Qb2 {[%emt 0:02:20] [#]} 24. Bb1 ({White has to play} 24. d5 $1 $16) 24... Qa3 25. h4 Kg8 $16 26. f3 Qe7 27. a4 Nd7 28. Nxd7 Rxd7 29. h5 Rcd8 30. d5 Qf6 31. Qe4 g6 32. hxg6 fxg6 33. Qxg6+ Qxg6 34. Bxg6 Kg7 35. Be4 Kf6 36. Kf2 exd5 37. cxd5 Bxd5 38. Bxd5 Rxd5 39. Rc6+ Kg5 40. Re1 R8d6 41. Rxd6 Rxd6 42. a5 Rd2+ 43. Kg3 Rb2 44. Re7 Ra2 45. Rxa7 bxa5 46. Ra6 Ra4 47. Kf2 h5 48. g3 Ra3 49. Kg2 Ra1 50. Ra8 a4 51. Ra5+ Kg6 52. g4 1/2-1/2

[Event "Polish Youth 1st League 2022"]
[Site "Lublin"]
[Date "2022.06.28"]
[Round "4.26"]
[White "Klaska, Szymon"]
[Black "Lysakowski, Piotr"]
[Result "1/2-1/2"]
[ECO "A25"]
[WhiteElo "1563"]
[BlackElo "1542"]
[Annotator "NA RC"]
[PlyCount "80"]
[EventDate "2022.06.24"]
[EventType "team-tourn"]
[EventCountry "POL"]
[SourceTitle "playchess.com"]
[Source "ChessBase"]
[SourceQuality "1"]
[TimeControl "40/5400+30:1800+30"]

1. c4 e5 2. Nc3 Nc6 3. g3 g6 4. Bg2 Bg7 5. e3 d6 6. Nge2 f5 7. O-O Nf6 8. d3 O-O 9. Rb1 h6 10. b4 g5 11. f4 gxf4 12. exf4 Kh7 13. b5 Ne7 14. h3 Qe8 15. fxe5 dxe5 16. Ba3 Rg8 17. Qd2 Rb8 18. Rbe1 Qd7 19. Kh1 Ng6 20. Qe3 b6 21. d4 e4 22. c5 Nd5 23. Nxd5 Qxd5 24. Rd1 Qxa2 25. h4 bxc5 26. h5 Ne7 27. Bxc5 Nd5 28. Qd2 Qxd2 29. Rxd2 Rxb5 30. Bxa7 Bf8 31. Rc1 Bd6 32. Bc5 Bxg3 33. Bf1 Rb3 34. Nxg3 Rbxg3 35. Bc4 Rh3+ 36. Rh2 Rxh2+ 37. Kxh2 c6 38. Ra1 Rg7 39. Ra8 Bd7 40. Bd6 Nb6 1/2-1/2

[Event "Polish Youth 1st League 2022"]
[Site "Lublin"]
[Date "2022.06.28"]
[Round "4.27"]
[White "Musial, Igor"]
[Black "Ugorek, Kacper"]
[Result "1/2-1/2"]
[ECO "C74"]
[WhiteElo "1699"]
[BlackElo "1696"]
[Annotator "NA RC"]
[PlyCount "126"]
[EventDate "2022.06.24"]
[EventType "team-tourn"]
[EventCountry "POL"]
[SourceTitle "playchess.com"]
[Source "ChessBase"]
[SourceQuality "1"]
[TimeControl "40/5400+30:1800+30"]

1. e4 e5 2. Nf3 Nc6 3. Bb5 a6 4. Ba4 d6 5. c3 f5 6. d3 Nf6 7. Nbd2 Be7 8. O-O O-O 9. Re1 fxe4 10. dxe4 Qe8 11. Nf1 Nh5 12. Ne3 Qg6 13. Nf5 Bd8 14. N3h4 Bxh4 15. Nxh4 Qe8 16. Nf5 Kh8 17. Be3 Nf6 18. f3 Bd7 19. Qe2 Nh5 20. Qf2 g6 21. Nh6 Nf4 22. Qh4 Qd8 23. Qxd8 Raxd8 24. Rad1 b5 25. Bc2 Kg7 26. Ng4 Bxg4 27. fxg4 h6 28. g3 Ne6 29. Kg2 Na5 30. b3 Nb7 31. b4 c6 32. Bb3 Nc7 33. Bb6 Rd7 34. Be3 Rfd8 35. g5 h5 36. h4 a5 37. a3 a4 38. Ba2 Rf8 39. Bf2 Re8 40. Re2 Ree7 41. Red2 Re8 42. Bg1 Red8 43. Rd3 Rc8 44. Bb6 Rf8 45. c4 Na8 46. Bc5 Rfd8 47. cxb5 cxb5 48. Be6 Re7 49. Ba2 dxc5 50. Rxd8 Nxd8 51. Rxd8 cxb4 52. axb4 Nc7 53. Rd6 Ne8 54. Rb6 Rc7 55. Bd5 Rc2+ 56. Kf3 Nc7 57. Rb8 a3 58. Rb7 Kf8 59. Ra7 Rc3+ 60. Kf2 Ke7 61. Bg8 Kf8 62. Bd5 Nxd5 63. exd5 Rd3 1/2-1/2

[Event "Polish Youth 1st League 2022"]
[Site "Lublin"]
[Date "2022.06.28"]
[Round "4.28"]
[White "Dobosiewicz, Dawid"]
[Black "Rozek, Michal"]
[Result "1-0"]
[ECO "A20"]
[WhiteElo "1795"]
[BlackElo "1533"]
[Annotator "NA RC"]
[PlyCount "87"]
[EventDate "2022.06.24"]
[EventType "team-tourn"]
[EventCountry "POL"]
[SourceTitle "playchess.com"]
[Source "ChessBase"]
[SourceQuality "1"]
[TimeControl "40/5400+30:1800+30"]

1. c4 e5 2. g3 Nf6 3. Bg2 c6 4. d4 exd4 5. Qxd4 d5 6. cxd5 cxd5 7. Nf3 Nc6 8. Qa4 Bb4+ 9. Bd2 Bxd2+ 10. Nbxd2 O-O 11. e3 Bf5 12. Nd4 Bd7 13. Nxc6 bxc6 14. Qd4 Qb6 15. Nb3 Qxd4 16. exd4 Rfe8+ 17. Kd2 Ne4+ 18. Bxe4 dxe4 19. Nc5 Bf5 20. Ke3 Rad8 21. h3 Rd6 22. g4 Be6 23. Nxe6 Rdxe6 24. Rhg1 Rf6 25. Rg3 Kf8 26. Rc1 Rb8 27. b3 Re6 28. Rc5 Rb5 29. Rxb5 cxb5 30. d5 Ra6 31. Kxe4 Rxa2 32. Rc3 Rd2 33. Ke5 Rxf2 34. Kd6 Rf6+ 35. Kd7 g6 36. d6 a5 37. Kc7 Rf4 38. d7 Rd4 39. d8=Q+ Rxd8 40. Kxd8 a4 41. bxa4 bxa4 42. Ra3 Kg7 43. Ke7 f5 44. Rxa4 1-0

[Event "Polish Youth 1st League 2022"]
[Site "Lublin"]
[Date "2022.06.28"]
[Round "4.29"]
[White "Mroz, Lena"]
[Black "Barwinska, Ewa"]
[Result "0-1"]
[ECO "B90"]
[WhiteElo "1719"]
[BlackElo "1825"]
[Annotator "NA RC"]
[PlyCount "64"]
[EventDate "2022.06.24"]
[EventType "team-tourn"]
[EventCountry "POL"]
[SourceTitle "playchess.com"]
[Source "ChessBase"]
[SourceQuality "1"]
[TimeControl "40/5400+30:1800+30"]

1. e4 c5 2. Nf3 d6 3. d4 cxd4 4. Nxd4 Nf6 5. Nc3 a6 6. Qf3 Qb6 7. Nb3 e6 8. g4 Be7 9. g5 Nfd7 10. h4 Nc6 11. Be3 Qc7 12. Qg2 ({Better is} 12. h5 $16) 12... b5 13. f4 b4 14. Ne2 Bb7 15. h5 O-O-O 16. O-O-O Nc5 17. Ng3 Kb8 $14 18. Kb1 Na5 19. Be2 Rc8 20. Rd2 Rhd8 21. Nxa5 Qxa5 22. Bxc5 b3 23. Rd3 Qxa2+ 24. Kc1 Rxc5 25. Bd1 Rdc8 26. Rh2 bxc2 27. Bxc2 Qa1+ 28. Kd2 Rxc2+ 29. Ke3 Rxg2 30. Rxg2 d5 31. exd5 Bxd5 32. Re2 Qg1+ 0-1

[Event "Polish Youth 1st League 2022"]
[Site "Lublin"]
[Date "2022.06.28"]
[Round "4.30"]
[White "Matuszewska, Kinga"]
[Black "Lajdamik, Kinga"]
[Result "0-1"]
[ECO "E16"]
[WhiteElo "1085"]
[BlackElo "1308"]
[Annotator "NA RC"]
[PlyCount "92"]
[EventDate "2022.06.24"]
[EventType "team-tourn"]
[EventCountry "POL"]
[SourceTitle "playchess.com"]
[Source "ChessBase"]
[SourceQuality "1"]
[TimeControl "40/5400+30:1800+30"]

1. d4 Nf6 2. Nf3 e6 3. g3 b6 4. Bg2 Bb7 5. c4 Bb4+ 6. Bd2 Qe7 7. Nc3 O-O 8. O-O d6 9. a3 Bxc3 10. Bxc3 Nbd7 11. h3 Ne4 12. Qc2 f5 13. Rfd1 Rab8 14. Nd2 Nxc3 15. Qxc3 Bxg2 16. Kxg2 Qf7 17. f4 Nf6 18. Qf3 Qg6 19. b4 h5 20. Kh2 Rfe8 21. Rac1 e5 22. dxe5 dxe5 23. e3 e4 24. Qe2 c6 25. c5 b5 26. Nb3 Nd5 27. Nd4 Rbd8 28. Qa2 Kh7 29. Qb3 Rd7 30. Rd2 Red8 31. Rcd1 a6 32. Kg2 h4 33. g4 fxg4 34. hxg4 Qxg4+ 35. Kh1 Qh3+ 36. Rh2 Qxe3 37. Qxe3 Nxe3 38. Rxh4+ Kg8 39. Re1 Rxd4 40. Rxe3 Rd1+ 41. Kg2 R8d2+ 42. Kh3 Rd3 43. Rxd3 exd3 44. Kg2 d2 45. Kf2 Re1 46. f5 d1=Q 0-1

[Event "Polish Youth 1st League 2022"]
[Site "Lublin"]
[Date "2022.06.29"]
[Round "5.1"]
[White "Jedraszek, Pawel"]
[Black "Madej, Marek"]
[Result "1-0"]
[ECO "E77"]
[WhiteElo "1933"]
[BlackElo "1978"]
[Annotator "TA"]
[PlyCount "81"]
[EventDate "2022.06.24"]
[EventType "team-tourn"]
[EventCountry "POL"]
[SourceTitle "playchess.com"]
[Source "ChessBase"]
[SourceQuality "1"]
[TimeControl "40/5400+30:1800+30"]

1. c4 Nf6 2. Nc3 g6 3. e4 d6 4. d4 Bg7 5. f4 O-O 6. Nf3 c5 7. d5 e6 8. Be2 exd5 9. cxd5 Nbd7 10. O-O Re8 11. Nd2 c4 12. a4 Nc5 13. Bf3 {[%emt 0:03:34] A69: Modern Benoni: Four Pawns Attack with 9...Re8.} h5 14. h3 Bh6 (14... b6 $11) 15. e5 $16 {[%emt 0:07:13] White is clearly better.} dxe5 16. fxe5 {[%emt 0:00:03] [#]} Bxd2 $146 ({Predecessor:} 16... Be3+ 17. Kh1 Ng4 18. Nxc4 Nf2+ 19. Rxf2 Bxf2 20. b4 Qh4 21. bxc5 Bxh3 22. Bg5 Bxg2+ 23. Kxg2 Qxg5+ 24. Kxf2 {1-0 (38) Navarrete Terrasa,S (2007)-Lechado Artigues,P (2166) Palma de Mallorca 2012}) 17. Qxd2 Rxe5 18. Qd4 Nd3 19. a5 {[%emt 0:12:42] Prevents Qb6.} Bf5 (19... Nd7 $16) 20. Bf4 Nxf4 21. Qxe5 Nd3 22. Qd4 {[%emt 0:00:51] [#] Threatens to win with d6.} Rc8 $2 (22... Qd6 $16 23. Qxc4 Qe5) 23. Qxa7 Qd6 24. Qd4 Nxb2 $2 (24... Qc5 25. Qxc5 Nxc5) 25. Nb5 $1 $18 Qb4 (25... Qc5 $142 26. Qxc5 Rxc5) 26. Qxf6 Qxb5 {[%emt 0:01:31] [#]} 27. Bxh5 $1 Qxd5 (27... Qd7 28. Bf3) 28. Bf3 (28. Qxb2 gxh5 29. Qc3 Bd3 $16) 28... Qb5 29. Bg4 Rc6 30. Qd8+ ({Stronger than} 30. Rxf5 gxf5 31. Qg5+ (31. Qxf5 Qxf5 32. Bxf5 c3 $11) 31... Kf8 32. Bxf5 (32. Qd8+ Kg7 $11) 32... Qe5 $11) 30... Kg7 31. Qd4+ Kg8 32. Bxf5 gxf5 33. Qd8+ Kg7 34. Qg5+ Rg6 35. Qxf5 Qxf5 36. Rxf5 {aiming for Raf1. KRR-KRN} Nd3 $2 (36... Rc6 {is a better defense.} 37. Rg5+ Kf8) 37. Raf1 c3 38. Rxf7+ Kg8 39. Rc7 {[%emt 0:00:17] And now Rd1 would win.} Rc6 40. Rxc6 bxc6 41. a6 {[%emt 0:00:17] White took control after the opening.  Weighted Error Value: White=0.36/Black=1.15} 1-0